 Dungeon Crawl Stone Soup version 0.30.0-29-ga12c61a403 (webtiles) character file.

Game seed: 18313213439690299565

399 BONEBRO the Cleaver (level 6, 0/51 HPs)
             Began as a Hill Orc Monk on June 16, 2023.
             Succumbed to a goblin's poison
             ... on level 4 of the Dungeon.
             The game lasted 00:12:53 (3892 turns).

BONEBRO the Cleaver (Hill Orc Monk)                 Turns: 3892, Time: 00:12:53

Health: 0/51       AC:  7    Str: 16    XL:     6   Next: 84%
Magic:  6/6        EV: 10    Int: 10    God:
Gold:   166        SH:  0    Dex: 13    Spells: 5/5 levels left

rFire   . . .        t - +0 war axe
rCold   . . .        d - orb {light}
rNeg    . . .        q - +0 scale mail
rPois   .            (no helmet)
rElec   .            (no cloak)
rCorr   +            j - +0 pair of gloves
SInv    .            (no boots)
Will    .....        (no amulet) Stlth
                     l - ring of resist corrosion
HPRegen 0.28/turn    (no ring)
MPRegen 0.10/turn

%: no passive effects
@: lethally poisoned (0 -> -10), glowing
A: no striking features
a: no special abilities


You were on level 4 of the Dungeon.
You visited 1 branch of the dungeon, and saw 4 of its levels.
You also visited: Sewer.

You collected 166 gold pieces.

Inventory:

Hand Weapons
 a - a +0 hand axe
 t - a +0 war axe (weapon)
 u - a +0 battleaxe
Missiles
 f - 7 javelins (quivered)
 v - 2 curare-tipped darts
Armour
 b - a +0 robe
 d - an orb of light (worn)
 j - a +0 pair of gloves (worn)
 k - a +0 ring mail
 q - a +0 scale mail (worn)
Jewellery
 l - a ring of resist corrosion (left hand)
 y - an amulet of reflection
Scrolls
 e - a scroll of teleportation {unknown}
 g - 4 scrolls of fog {unknown}
 i - a scroll of vulnerability {unknown}
 n - a scroll of magic mapping {unknown}
 o - 2 scrolls of immolation {unknown}
 w - a scroll of enchant weapon {unknown}
Potions
 c - a potion of ambrosia
 h - 2 potions of mutation {unknown}
 m - a potion of curing {unknown}
 p - 2 potions of might
 r - a potion of haste {unknown}
 s - a potion of attraction {unknown}
 x - a potion of brilliance {unknown}
 z - a potion of heal wounds {unknown}


   Skills:
 - Level 3.6 Fighting
 + Level 9.8 Axes
 - Level 2.4 Dodging


You had 5 spell levels left.
You didn't know any spells.
Your spell library contained the following spells:

 Spells                   Type           Power      Damage    Failure   Level
 Call Canine Familiar     Summ           0%         N/A       99%         3
 Portal Projectile        Hex/Tloc       0%         N/A       99%         3
 Leda's Liquefaction      Hex/Erth       0%         N/A       100%        4


Dungeon Overview and Level Annotations

Branches:
Dungeon (4/15)              Sewer (visited)
 Temple: D:4-7

Altars:
Vehumet
Zin

Shops:
D:3 (


Message History

A black bear comes into view.
The black bear growls angrily.
A ball python comes into view.
The ball python hisses angrily.
You hear a shout!
A gnoll comes into view. It is wielding a +0 spear.
Okay, then.
Found 7 stones.
A goblin comes into view. It is wielding a +0 club.
Found a scroll labelled TYUNYC PAJENI.
The goblin shouts!
You hear an angry hiss.
A ball python comes into view.
An ogre and a goblin come into view.
The goblin is wielding a +0 dagger of venom.
The goblin shouts!
The goblin hits you but does no damage.
You are poisoned.
You feel sick. The ball python barely misses you. The ball python grabs you.
The ball python constricts you. The goblin hits you but does no damage.
You are more poisoned.
The ogre hits you with a +0 giant club!!
Ouch! That really hurt!
You escape the ball python's grasp.
You feel very sick.
The goblin hits you with a +0 dagger of venom.
You are lethally poisoned!
* * * LOW HITPOINT WARNING * * *
You feel very sick. The goblin attacks as you move away!
The goblin hits you but does no damage.
You are more poisoned.
The hobgoblin attacks as you move away! The hobgoblin closely misses you.
* * * LOW HITPOINT WARNING * * *
You feel very sick. The hobgoblin attacks as you move away!
The hobgoblin hits you but does no damage.
* * * LOW HITPOINT WARNING * * *
You feel very sick. The goblin attacks as you move away! The goblin misses you.
* * * LOW HITPOINT WARNING * * *
You feel very sick.
You die...

. ## # ..### ##.#
####. #...####.##
..#.. #.......#
...# #.@...## #..#
#......# .h##
#..gg..# #..#
#..O..S## #...
#....Sg.# ##...
#..g...g## ##.$..
#.......h# ##.....
#........####...##.
#....(....#....## .


You could see a black bear, an ogre, a gnoll, 2 hobgoblins, 2 goblins and 2 ball
pythons.

Vanquished Creatures
  A black bear (D:3)
  2 kobold brigands (Sewer)
  7 adders
  A river rat (Sewer)
  3 worms
  3 dart slugs
  2 orcs (D:3)
  10 ball pythons
  6 bats
  3 endoplasms (D:1)
  A giant cockroach (D:3)
  10 goblins
  8 hobgoblins
  2 jackals (Sewer)
  13 kobolds
  A quokka (D:1)
  8 frilled lizards
  9 rats
90 creatures vanquished.

Notes
Turn   | Place    | Note
-------+----------+-------------------------------------------
     0 | D:1      | BONEBRO the Hill Orc Monk began the quest for the Orb.
     0 | D:1      | Reached XP level 1. HP: 19/19 MP: 1/1
   159 | D:1      | Reached XP level 2. HP: 24/26 MP: 2/2
   276 | D:1      | Reached skill level 5 in Axes
   383 | D:1      | Reached XP level 3. HP: 28/31 MP: 3/3
  1364 | D:2      | Reached skill level 6 in Axes
  1563 | D:2      | Reached XP level 4. HP: 17/39 MP: 4/4
  2032 | D:3      | Found a radiant altar of Vehumet.
  2268 | D:3      | Found a glowing silver altar of Zin.
  2293 | D:3      | Found a glowing drain.
  2344 | D:3      | Noticed a black bear
  2382 | D:3      | Killed a black bear
  2383 | D:3      | Reached skill level 8 in Axes
  2383 | D:3      | Reached XP level 5. HP: 29/45 MP: 5/5
  2541 | Sewer    | Entered a sewer
  2608 | Sewer    | Reached XP level 6. HP: 46/51 MP: 6/6
  2656 | Sewer    | Reached skill level 9 in Axes
  3244 | D:3      | Found Sarol's Antique Weapon Emporium.
  3872 | D:4      | Noticed a black bear
  3891 | D:4      | HP: 2/51 [poisoned by a goblin]
  3892 | D:4      | Succumbed to a goblin's poison

Illustrated notes

Levels and vault maps discovered:
D:1:      onia_arrival_mini_maze, layout_loops_ring
D:2:      cheibrodos_greedy_goblins, layout_basic, serial_co_window_serial,
          co_window_of_opportunity_a, co_window_corner_a,
          co_window_of_opportunity_a, co_window_paths_a, co_window_corner_a,
          co_window_2corner, co_window_unsneaky_path_a,
          co_window_of_opportunity_b, co_window_cross_4, co_window_corner_b,
          co_window_corner_ca, glass_columns_b, glass_columns_a,
          glass_columns_c, glass_columns_a, glass_columns_a
D:3:      layout_basic, nicolae_overflow_crystal_walls, fiery_altar_vehumet,
          gup_sewer_entry_glass, serial_shops, nicolae_shop_rolling_square,
          dreamdust_princess_corridor, minmay_ruptured
D:4:      layout_layer_cave, kennysheep_little_box, gammafunk_ghost_split

Skill      XL: |  1  2  3  4  5  6 |
---------------+-------------------+-----
Axes           | 5 6 8 9 |  9.8
Fighting       | |  3.6
Dodging        | |  2.4

Action                     |  1- 3 |  4- 6 || total
---------------------------+-------+-------++-------
  Melee: Hand axe          |   127 |    24 ||   151
         War axe           |       |   109 ||   109
    Use: Potion            |     1 |     1 ||     2
 Armour: Robe              |     3 |       ||     3
         Ring mail         |    18 |       ||    18
         Scale mail        |    18 |    52 ||    70
  Dodge: Dodged            |    62 |    57 ||   119
